AoeStats
← Terere

Golden Pit

503149147Analyzed
1v1 RM · 2mo ago on Aug 30, 2026· 38m 28s· 2 players
Game mode
Random Map
Map size
Tiny (2 player)
Population
200
Speed
Normal
Resources
Standard
Victory
Conquest
Starting age
Dark Age
Ending age
Imperial Age
RankedLock teamsTeams togetherTeam positionsShared explorationLock speedFull tech treeHidden civsTurbo modeCheats
Victory
Defeat
🇪🇸 Goths · Spain
1027
+16
vs
🇦🇷 Romans · Argentina
1018
-16
Terere
7:23 Loom
10:14 Feudal Age
10:27 Man-at-Arms
14:36 Horse Collar
16:11 Double-Bit Axe
19:48 Wheelbarrow
20:25 Scale Mail Armor
23:56 Forging
26:09 Castle Age
25:41 Gold Mining
26:13 Pikeman
27:11 Chain Mail Armor
27:07 Heavy Plow
27:29 Bow Saw
27:51 Long Swordsman
28:32 Squires
30:38 Fervor
35:06 Hand Cart
35:10 Husbandry
36:07 Gold Shaft Mining
David_Red
9:49 Loom
11:34 Feudal Age
12:27 Man-at-Arms
22:13 Castle Age
21:06 Scale Mail Armor
21:17 Forging
25:06 Squires
25:44 Long Swordsman
27:05 Fletching
31:11 Chain Mail Armor
31:32 Iron Casting
33:09 Long Swordsman
38:26 Imperial Age
38:12 Wheelbarrow
37:56 Murder Holes
Connection lost

Rejoining the realm…

Still unreachable

The connection could not be restored.

Session expired

The server has moved on; the page needs a fresh start.